cohdb
Replays
Latest Replays
All Replays
Popular Replays
Top Player Replays
Match Explorer
How It Works
Community
CoH3 Stats
Reddit
Sign in to upload your games and track your stats! →
Sign in with Steam
Match 42724889
Unlisted
Match 42724889
Overview
Messages
Build Orders
End
Selects Armored Battlegroup
Selects Assault Engineers
Assault Engineer Squad
Construct Barracks
Riflemen Squad
Assault Engineer Squad
Riflemen Squad
Construct Medical Station
Grenade Package
Selects M31 Recovery Vehicle
Infantry Support Center
M31 Recovery Vehicle
Munitions Surplus
Selects Strength in Steel
Construct Weapon Support Center
M1918 Browning Automatic Rifles
Général Couscous
Darbesky
GinesRT
Cyber VietCong
0
0
Comments
sign in to comment!
No comments posted yet!